 Dungeon Crawl Stone Soup version 0.22.0-49-gab54619 (webtiles) character file.

71 Folque the Vexing (level 4, -1/42 HPs)
             Began as an Ogre Arcane Marksman on Sept 6, 2018.
             Shot with an arrow by a centaur (11 damage)
             ... on level 2 of the Dungeon.
             The game lasted 00:09:47 (2600 turns).

Folque the Vexing (Ogre Arcane Marksman)            Turns: 2600, Time: 00:09:48

Health: -1/42      AC:  3    Str: 14    XL:     4   Next: 24%
Magic:  8/8        EV: 10    Int: 14    God:
Gold:   53         SH:  0    Dex: 10    Spells: 6/9 levels left

rFire    . . .     SeeInvis .   k - +0 spear
rCold    . . .     Gourm    .   (no shield)
rNeg     . . .     Faith    .   a - +0 robe
rPois    .         Spirit   .   (helmet restricted)
rElec    .         Reflect  .   (no cloak)
rCorr    .         Harm     .   (gloves unavailable)
MR       .....                  (boots unavailable)
Stlth    +.........             (no amulet)
HPRegen  0.14/turn              (no ring)
MPRegen  0.11/turn              (no ring)

@: no status effects
A: large, unfitting armour, tough skin 1
a: no special abilities


You were on level 2 of the Dungeon.
You were near starving.

You visited 1 branch of the dungeon, and saw 2 of its levels.

You collected 53 gold pieces.

Inventory:

Hand Weapons
 g - a +0 dagger
 k - a +0 spear (weapon)
 m - a +0 short sword
Missiles
 c - 3 large rocks (quivered)
 d - 2 throwing nets
 e - 95 stones
Armour
 a - a +0 robe (worn)
Wands
 n - a wand of random effects (22)
Scrolls
 h - a scroll of remove curse {unknown}
 p - a scroll of enchant weapon {unknown}
Potions
 b - 2 potions of lignification {unknown}
 i - a potion of haste {unknown}
 j - a potion of heal wounds {unknown}
 l - a potion of degeneration {unknown}
 o - 2 potions of ambrosia {unknown}
Comestibles
 f - 4 rations


   Skills:
 - Level 2.1 Fighting
 + Level 2.5 Throwing
 - Level 1.7 Dodging
 * Level 3.0 Spellcasting
 - Level 3.2 Hexes


You had 6 spell levels left.
You knew the following spells:

 Your Spells              Type           Power        Failure   Level  Hunger
a - Corona                Hex            ##.....      5%          1    #......
b - Slow                  Hex            ##......     9%          2    ##.....

Your spell library contained the following spells:

 Spells                   Type           Power        Failure   Level  Hunger
 Inner Flame              Hex/Fire       #.......     32%         3    ###....
 Portal Projectile        Hex/Tloc       #.....       32%         3    ###....
 Cause Fear               Hex            ##........   50%         4    #####..
 Leda's Liquefaction      Hex/Erth       #.........   73%         4    #####..


Dungeon Overview and Level Annotations

Branches:
Dungeon (2/15)

Altars:

Annotations:
D:2 Terence


Innate Abilities, Weirdness & Mutations

You are too large for most types of armour.
You have tough skin. (AC +1)


Message History

Found a leather armour and 17 stones.
c - 4 large rocks (gained 1)
You see here a dagger.
e - 95 stones (gained 17)
Things that are here:
a dagger; a leather armour A centaur comes into view.
The centaur shouts!
The centaur wields a shortbow.
The centaur shoots an arrow.
The arrow hits you!
The centaur shoots an arrow.
The arrow hits you!
You see here 2 arrows.
Throwing (i - inventory. (/) - cycle)
c - 4 large rocks (quivered)
Press: ? - help, Shift-Dir - straight line, f - centaur
Aim: a centaur, wielding a shortbow You throw a large rock.
The large rock hits the centaur.
The centaur is moderately wounded.
The centaur shoots an arrow.
The arrow hits you!
* * * LOW HITPOINT WARNING * * *
The centaur shoots an arrow.
The arrow hits you!
You die...

#. ...... ...# #. .
..... .#.# #. .. ....
c..# ##. ... ... ...#
#.. .... .. .#.# ##..
..... .#.#.# #...
......#..#.# ####..#
....#.@##.#######....##
#.....................
###........#####..####
#.###....# #.....## ...
#....# #####.#. ####
####.# #.#8 #.# #.#.
#.# #.#8 #.# #.#.


You could see a centaur.

Vanquished Creatures
  Ijyb (D:2)
  An adder (D:2)
  An ooze (D:1)
  A worm (D:2)
  2 giant cockroaches (D:1)
  8 goblins
  3 hobgoblins (D:1)
  A bat (D:1)
  2 frilled lizards
  4 kobolds (D:1)
  7 rats
31 creatures vanquished.

Notes
Turn   | Place    | Note
-------+----------+-------------------------------------------
     0 | D:1      | Folque the Ogre Arcane Marksman began the quest for the
                  | Orb.
     0 | D:1      | Reached XP level 1. HP: 19/19 MP: 2/2
   720 | D:1      | Reached XP level 2. HP: 23/28 MP: 0/3
   736 | D:1      | Learned a level 2 spell: Slow
  1688 | D:2      | Reached XP level 3. HP: 32/35 MP: 1/6
  1943 | D:2      | Noticed Terence
  2107 | D:2      | Noticed Ijyb
  2168 | D:2      | Killed Ijyb
  2168 | D:2      | Reached XP level 4. HP: 13/42 MP: 0/8
  2599 | D:2      | Noticed a centaur
  2600 | D:2      | Shot with an arrow by a centaur

Skill      XL: |  1  2  3 |
---------------+----------+-----
Fighting       | 2 |  2.1
Hexes          | 3 |  3.2
Spellcasting   | 2 3 |  3.0
Throwing       | |  2.5
Dodging        | |  1.7

Action                   |  1- 3 |  4- 6 || total
-------------------------+-------+-------++-------
Melee: Dagger            |    17 |       ||    17
       Unarmed           |    14 |       ||    14
       Mace              |    26 |       ||    26
       Spear             |    98 |     1 ||    99
Throw: Large rock        |     7 |     1 ||     8
       Stone             |     2 |       ||     2
       Throwing net      |     1 |       ||     1
 Cast: Corona            |    31 |       ||    31
       Slow              |    10 |     2 ||    12
 Stab: Sleeping          |     1 |       ||     1
  Eat: Chunk             |     2 |       ||     2
       Ration            |     1 |       ||     1
Armor: Robe              |    37 |       ||    37
Dodge: Dodged            |    76 |     1 ||    77
